 Dungeon Crawl Stone Soup version 0.30.1-4-g462c640d31 (webtiles) character file.

Game seed: 1080973957149609769

284 Peloso the Slasher (level 6, 34/53 HPs)
             Began as a Hill Orc Fighter on Aug 27, 2023.
             Got out of the dungeon alive.
             The game lasted 00:03:24 (2058 turns).

Peloso the Slasher (Hill Orc Fighter)               Turns: 2058, Time: 00:03:25

Health: 34/53      AC:  7    Str: 19    XL:     6   Next: 29%
Magic:  6/6        EV:  9    Int:  8    God:
Gold:   149        SH:  4    Dex: 12    Spells: 5/5 levels left

rFire   . . .        a - +0 long sword
rCold   x . .        c - +0 buckler
rNeg    . . .        b - +0 scale mail
rPois   .            (no helmet)
rElec   .            (no cloak)
rCorr   .            (no gloves)
SInv    .            (no boots)
Will    .....        (no amulet) Stlth
                     (no ring)
HPRegen 0.28/turn    (no ring)
MPRegen 0.10/turn

%: no passive effects
@: no status effects
A: cold vulnerability 1, MP-powered wands
a: no special abilities


You escaped.
You visited 1 branch of the dungeon, and saw 2 of its levels.

You collected 149 gold pieces.

Inventory:

Hand Weapons
 a - a +0 long sword (weapon)
Armour
 b - a +0 scale mail (worn)
 c - a +0 buckler (worn)
Scrolls
 i - a scroll of teleportation {unknown}
 j - a scroll of fog {unknown}
 k - 2 scrolls of identify {unknown}
 l - 2 scrolls of magic mapping {unknown}
 m - a scroll of fear {unknown}
Potions
 d - a potion of might


   Skills:
 + Level 4.7 Fighting
 + Level 5.0 Long Blades
 + Level 4.7 Armour
 + Level 0.5 Dodging
 + Level 3.7 Shields


You had 5 spell levels left.
You didn't know any spells.
Your spell library was empty.

Dungeon Overview and Level Annotations

Branches:
Dungeon (2/15)

Altars:


Innate Abilities, Weirdness & Mutations

You are vulnerable to cold. (rC-)
You expend magic power (3 MP) to strengthen your wands.


Message History

The puff of flame hits you.
* * * LOW HITPOINT WARNING * * *
It was a potion of invisibility.
You fade into invisibility!
Sigmund's eyes start glowing with a red light.
Sigmund hits you but does no damage.
It was a potion of mutation.
You feel extremely strange.
You feel vulnerable to cold.
You feel your magical essence link to the dungeon's wands.
Sigmund closely misses you.
It was a potion of heal wounds.
You feel much better.
You closely miss Sigmund.
Sigmund is severely wounded.
Sigmund casts a spell.
Sigmund flickers and vanishes!
Deactivating autopickup; reactivate with Ctrl-A.
You barely miss something. Something hits you.
You hit something but do no damage. Something hits you but does no damage.
You hit something.
You hear some strange, mumbled words.
Something tries to affect you, but you resist.
You miss something. Something hits you.
You slash something!
Reactivating autopickup.
You feel a bit more experienced.
You feel your strength returning.
You feel your dexterity returning.
Your Long Blades skill gained 2 levels and is now at level 5!
You have reached level 6!
(D) Dungeon
Where to? (Enter - D:12, ? - help)
What level of the Dungeon? (default 1, ? - help)
You flicker for a moment.
There is an open door here.
You flicker back into view.
There is a stone staircase leading up here.
You climb upwards.
There is a stone staircase leading down here.
There is a staircase leading out of the dungeon here.
Are you sure you want to leave the Dungeon?
This will make you lose the game!
You have escaped!

########.#............####### #..
.........#########.#..#.....# #..
######+### ###'#..#.###.# #..
.....#.#.#♣♣♣♣♣#.#.#........# #.†
####.#.............#.##.##### #..
#.##.#..♣..♣.♣..♣..#.##.# #..
.....#~#♣♣..~..♣♣#~#.##.#######..
..####≈#P♣.≈≈~.♣P#≈#.##.##.......
..#..#≈#>..~8≈..@#≈#.##.##.####..
.....#≈#P♣.~≈~.♣P#≈#..#.##.# ###
..#.##≈#♣♣..~..♣♣#~#..#.##.#
..#.##..♣..♣.♣..♣..#....##.#
....##.............#.#####.######
#...##.#.#♣♣♣♣♣#.#.#.............
#.#.##'### ###'#.######.#####
#.#....# #.#.# #.....### ..#.##.#
#####...# #..÷.....


There were no monsters in sight!

Vanquished Creatures
  Sigmund (D:2)
  Jessica (D:2)
  2 adders (D:2)
  2 worms (D:2)
  3 dart slugs
  2 bats
  8 endoplasms
  3 giant cockroaches
  3 goblins (D:1)
  6 hobgoblins
  4 jackals
  6 kobolds
  2 quokkas
  7 ball pythons
  4 frilled lizards
  2 rats
56 creatures vanquished.

Notes
Turn   | Place    | Note
-------+----------+-------------------------------------------
     0 | D:1      | Peloso the Hill Orc Fighter began the quest for the Orb.
     0 | D:1      | Reached XP level 1. HP: 19/19 MP: 1/1
    35 | D:1      | Reached XP level 2. HP: 25/27 MP: 2/2
   519 | D:1      | Reached XP level 3. HP: 32/33 MP: 3/3
  1376 | D:2      | Reached skill level 3 in Long Blades
  1398 | D:2      | Reached XP level 4. HP: 33/41 MP: 4/4
  1836 | D:2      | Noticed Jessica
  1854 | D:2      | Killed Jessica
  1962 | D:2      | Reached XP level 5. HP: 47/47 MP: 5/5
  1997 | D:2      | Noticed Sigmund
  2030 | D:2      | Gained mutation: You are vulnerable to cold. (rC-) [potion
                  | of mutation]
  2030 | D:2      | Gained mutation: You expend magic power (3 MP) to
                  | strengthen your wands. [potion of mutation]
  2037 | D:2      | Killed Sigmund
  2038 | D:2      | Reached skill level 5 in Long Blades
  2038 | D:2      | Reached XP level 6. HP: 28/53 MP: 6/6
  2058 | D:$      | Got out of the dungeon alive.

Illustrated notes

Levels and vault maps discovered:
D:1:      tarquinn_simple_flora_water_b, layout_basic,
          chequers_serial_rivers_small_3
D:2:      layout_basic, minmay_stone_trees_medium, uniq_sigmund, uniq_terence,
          uniq_jessica

Skill      XL: |  1  2  3  4  5 |
---------------+----------------+-----
Fighting       | 4 |  4.7
Long Blades    | 3 5 |  5.0
Armour         | 4 |  4.7
Dodging        | |  0.5
Shields        | |  3.7

Action                     |  1- 3 |  4- 6 || total
---------------------------+-------+-------++-------
  Melee: Long sword        |   116 |    90 ||   206
    Use: Potion            |     4 |     3 ||     7
         Scroll            |     1 |       ||     1
 Armour: Scale mail        |    54 |    47 ||   101
  Dodge: Dodged            |    49 |    51 ||   100
  Block: Buckler           |    15 |    18 ||    33
